Map: Honorgrounds LE

Players

TYTY (TY) - Winner!

  • Race: Terran Terran
  • Spawn Location: 1:00

Zest

  • Race: Protoss Protoss
  • Spawn Location: 11:00

Event: IEM XI Katowice - World Championship 2017

VOD

Have the link to the VOD?

Description

Time

  • Played on: March 4, 2017, 6:55 a.m.
  • Length: 13:57

All games in this series

Show
View Real Time Build Order
Export as new Build Order

TYTY Terran - Winner!

Build Orders: Reaper Expand, MMM Bio 

Get SALT Encoding   

  12  0:00  SCV  
  13  0:12  SCV  
  14  0:17  Supply Depot  
  14  0:24  SCV  
  15  0:30  Refinery  
  15  0:39  SCV  
  16  0:45  Barracks  
  16  0:51  SCV  
  17  1:03  SCV  
  18  1:15  SCV  
  19  1:32  Orbital Command  
  19  1:33  Reaper  
  20  1:46  Command Center  
  20  1:58  Factory  
  20  2:00  SCV  
  21  2:06  Barracks Reactor  
  21  2:12  Supply Depot  
  21  2:14  SCV  
  22  2:26  SCV  
  23  2:39  SCV  
  23  2:43  Starport  
  24  2:47  Hellion x2  
  24  2:51  Marine, SCV  
  30  2:59  Orbital Command  
  30  3:03  SCV  
  31  3:05  Refinery  
  31  3:08  Marine  
  31  3:12  Widow Mine  
  32  3:14  Widow Mine  
  35  3:20  SCV  
  35  3:26  Marine  
  37  3:27  SCV  
  38  3:34  Medivac  
  38  3:39  SCV  
  39  3:45  SCV  
  40  3:50  Refinery  
  40  3:51  SCV  
  40  3:53  Marine x2, Factory Tech Lab  
  43  3:57  Supply Depot, SCV  
  43  4:01  Barracks  
  44  4:03  SCV  
  44  4:07  Starport Tech Lab  
  44  4:08  Supply Depot  
  44  4:09  SCV  
  46  4:18  Siege Tank, SCV  
  46  4:21  SCV  
  46  4:22  Marine  
  46  4:23  Marine  
  53  4:29  Supply Depot  
  53  4:30  SCV  
  53  4:31  Liberator  
  54  4:33  SCV  
  53  4:42  SCV  
  53  4:44  Marine x2  
  53  4:46  SCV  
  53  4:47  Barracks  
  55  4:55  SCV  
  55  4:58  Siege Tank  
  59  5:02  Marine x2  
  59  5:04  SCV  
  59  5:05  Combat Shields  
  62  5:08  Marine  
  62  5:09  Supply Depot  
  62  5:10  SCV  
  64  5:16  SCV  
  64  5:20  Marine x2  
  67  5:22  SCV  
  67  5:24  Engineering Bay  
  67  5:26  Marine  
  67  5:28  SCV  
  70  5:30  Siege Tank  
  70  5:34  Starport Reactor, SCV  
  75  5:36  Supply Depot  
  75  5:40  SCV  
  75  5:42  Supply Depot  
  75  5:44  Barracks Tech Lab  
  75  5:46  Marine x2, SCV  
  77  5:51  Terran Infantry Weapons Level 1  
  77  5:53  Missile Turret  
  78  6:00  Supply Depot  
  78  6:01  SCV x2  
  79  6:05  Marauder  
  79  6:06  Stimpack, Marauder  
  81  6:18  Marine x2, Factory Reactor  
  83  6:23  Medivac x2  
  87  6:26  SCV x2  
  87  6:27  Command Center  
  87  6:28  Marauder  
  91  6:34  Marine  
  91  6:36  Marine  
  91  6:39  Missile Turret  
  93  6:40  Marine  
  93  6:41  SCV x2  
  93  6:49  Marine  
  93  6:51  Marine  
  93  6:53  Marine  
  96  6:54  Widow Mine  
  96  6:55  Widow Mine  
  96  6:56  Medivac, Barracks  
  96  6:57  Barracks  
  102  7:08  Supply Depot  
  102  7:10  Missile Turret  
  102  7:12  Supply Depot  
  102  7:14  Medivac  
  104  7:16  Marauder x2  
  104  7:17  Marine  
  110  7:26  SCV, Refinery  
  110  7:28  SCV  
  109  7:38  Marauder, SCV  
  109  7:39  Marine x2, Marauder  
  109  7:40  SCV  
  117  7:44  Barracks Tech Lab  
  117  7:50  SCV  
  118  7:52  SCV  
  118  7:54  Viking x2  
  120  7:58  Concussive Shells  
  120  8:00  Marauder x2  
  120  8:02  Marine x2  
  126  8:12  SCV  
  126  8:14  Marine x2  
  126  8:17  Missile Turret  
  126  8:18  Orbital Command  
  129  8:20  Terran Infantry Armor Level 1  
  129  8:21  Marine  
  129  8:26  Viking  
  133  8:30  Factory Reactor  
  133  8:31  Viking  
  133  8:32  Marine x2  
  133  8:34  Starport  
  134  8:38  Marine  
  140  8:48  SCV x2  
  140  8:55  Marine, Supply Depot  
  138  8:56  Supply Depot, Viking  
  138  8:57  Supply Depot  
  138  8:59  Supply Depot, Missile Turret  
  138  9:01  Viking  
  142  9:12  SCV  
  142  9:13  SCV  
  145  9:17  Viking x2  
  145  9:18  Marine x2  
  145  9:19  Marine x4  
  145  9:20  Marine  
  145  9:23  Refinery  
  155  9:24  Refinery  
  155  9:25  Armory, Engineering Bay  
  155  9:26  Viking  
  155  9:31  Viking  
  159  9:36  Marine x2  
  161  9:41  Missile Turret  
  161  9:47  Viking  
  161  9:49  Viking  
  165  9:52  Command Center  
  165  10:01  Marine x6  
  165  10:03  Liberator  
  174  10:08  Liberator  
  174  10:10  SCV x2  
  174  10:14  Terran Infantry Weapons Level 2, Terran Infantry Armor Level 2  
  174  10:21  Liberator  
  172  10:27  Marine x2, Marauder x2  
  170  10:40  Marine x3  
  173  10:45  Marine x2  
  173  10:47  SCV x2  
  173  10:48  Marine, Terran Ship Weapons Level 1  
  178  10:50  SCV  
  178  10:56  Marine, Fusion Core  
  180  10:58  Liberator, Marine  
  180  11:04  Marine, SCV x2  
  181  11:05  Planetary Fortress  
  181  11:07  SCV  
  181  11:09  Missile Turret  
  186  11:16  SCV  
  190  11:18  Marine  
  190  11:19  Marine x3  
  190  11:22  SCV x2  
  195  11:28  Missile Turret, SCV  
  196  11:33  Missile Turret  
  196  11:41  Supply Depot, Barracks  
  196  11:42  Advanced Ballistics  
  196  11:43  Barracks  
  196  11:45  Liberator  
  195  11:59  Marine  
  196  12:02  Marine  
  196  12:03  Marine  
  196  12:04  Ghost Academy  
  200  12:18  Marine  
  200  12:24  Command Center  
  200  12:30  Liberator  
  200  12:31  Barracks Tech Lab  
  200  12:36  Liberator  
  199  12:44  Barracks x2  
  199  12:45  Barracks  
  199  12:48  Command Center  
  199  12:57  Ghost x2  
  199  13:02  Ghost  
  190  13:10  Ghost  
  135  13:13  Marine x4  
  135  13:16  Viking  
  135  13:18  Marine  
  135  13:19  SCV  
  116  13:24  SCV  
  116  13:25  Ghost  
  104  13:28  SCV  
  104  13:33  SCV  
  95  13:42  SCV  
  97  13:54  Barracks Tech Lab x2  
Show
View Real Time Build Order
Export as new Build Order

Zest Protoss 

Build Orders: 1 Gate Expand, Double Forge, Blink Stalkers, Colossus Rush 

Get SALT Encoding   

  12  0:01  Probe (Chrono Boost)  
  13  0:11  Probe (Chrono Boost)  
  14  0:18  Pylon  
  14  0:22  Probe (Chrono Boost)  
  15  0:36  Probe (Chrono Boost)  
  15  0:37  Gateway  
  16  0:44  Assimilator  
  16  0:47  Probe (Chrono Boost)  
  17  0:58  Probe (Chrono Boost)  
  18  1:08  Probe (Chrono Boost)  
  19  1:19  Nexus  
  19  1:29  Cybernetics Core  
  19  1:33  Probe (Chrono Boost)  
  19  1:37  Assimilator  
  20  1:43  Probe (Chrono Boost)  
  21  1:48  Pylon  
  22  1:54  Probe (Chrono Boost)  
  22  2:07  Warp Gate, Mothership Core (Chrono Boost)  
  24  2:12  Adept  
  26  2:25  Probe (Chrono Boost)  
  27  2:31  Probe (Chrono Boost), Robotics Facility  
  27  2:36  Probe (Chrono Boost)  
  29  2:42  Probe (Chrono Boost)  
  30  2:46  Probe (Chrono Boost)  
  31  2:52  Probe (Chrono Boost)  
  31  2:54  Twilight Council  
  31  2:57  Probe (Chrono Boost)  
  33  3:03  Probe (Chrono Boost)  
  34  3:07  Probe (Chrono Boost)  
  35  3:18  Observer  
  35  3:19  Gateway  
  35  3:20  Gateway  
  35  3:22  Probe (Chrono Boost)  
  35  3:24  Probe (Chrono Boost)  
  39  3:34  Probe (Chrono Boost)  
  39  3:36  Probe (Chrono Boost)  
  39  3:37  Blink  
  39  3:45  Probe (Chrono Boost)  
  39  3:47  Pylon  
  39  3:48  Probe (Chrono Boost)  
  41  3:53  Observer  
  41  3:55  Probe (Chrono Boost)  
  43  3:56  Assimilator  
  43  3:58  Pylon  
  43  3:59  Probe (Chrono Boost)  
  43  4:00  Assimilator  
  44  4:06  Probe (Chrono Boost)  
  46  4:10  Probe (Chrono Boost)  
  46  4:15  Stalker x3  
  52  4:18  Probe (Chrono Boost)  
  52  4:20  Probe (Chrono Boost)  
  54  4:28  Probe (Chrono Boost)  
  54  4:31  Pylon, Probe (Chrono Boost)  
  56  4:39  Probe (Chrono Boost)  
  56  4:45  Probe (Chrono Boost)  
  55  4:48  Robotics Bay  
  55  4:49  Probe (Chrono Boost)  
  55  4:52  Forge  
  55  4:58  Forge  
  55  5:01  Probe x2 (Chrono Boost)  
  55  5:02  Observer  
  58  5:16  Pylon  
  58  5:18  Immortal  
  62  5:32  Protoss Ground Weapons Level 1  
  62  5:33  Protoss Ground Armor Level 1  
  62  5:34  Gateway x2  
  62  5:35  Extended Thermal Lance  
  62  5:39  Gateway  
  62  5:50  Pylon, Colossus  
  62  5:59  Pylon  
  68  6:14  Zealot x2, Sentry  
  74  6:21  Pylon  
  74  6:24  Pylon  
  71  6:36  Stalker x5  
  81  6:41  Colossus  
  85  7:11  Probe x2 (Chrono Boost)  
  87  7:24  Zealot x6  
  87  7:29  Colossus  
  103  7:56  Protoss Ground Armor Level 2, Protoss Ground Weapons Level 2  
  103  8:02  Pylon  
  103  8:03  Pylon  
  103  8:04  Pylon  
  103  8:05  Zealot x3, Pylon  
  109  8:08  Charge  
  109  8:18  Warp Prism  
  111  8:30  Sentry x2  
  115  8:36  Stalker x4  
  123  8:51  Immortal  
  127  9:03  Nexus  
  127  9:07  Pylon  
  127  9:22  Stalker x3  
  133  9:30  Templar Archives, Immortal  
  137  9:34  Pylon  
  137  9:51  Gateway x2  
  137  10:03  Pylon  
  137  10:26  Zealot x5  
  137  10:27  Zealot  
  147  10:28  Colossus  
  147  10:33  Protoss Ground Armor Level 3  
  147  10:51  High Templar x4  
  147  10:52  Zealot x4  
  147  10:55  Probe (Chrono Boost), Archon x2  
  147  10:56  Probe x2 (Chrono Boost)  
  164  11:05  Probe (Chrono Boost), Protoss Shields Level 1  
  164  11:08  Probe x2 (Chrono Boost)  
  167  11:17  Probe (Chrono Boost)  
  168  11:26  High Templar  
  168  11:27  Zealot x4, High Templar  
  180  11:33  Pylon, Archon  
  180  11:35  Pylon  
  180  11:37  Pylon  
  180  11:41  Pylon  
  180  11:43  Dark Shrine  
  180  11:57  Nexus  
  180  11:58  Stalker  
  180  11:59  Stalker  
  184  12:11  Disruptor  
  187  12:32  High Templar x2  
  187  12:33  Zealot x4  
  187  12:37  Archon  
  197  12:51  Stalker x2  
  197  12:56  Pylon  
  119  13:16  Zealot x6  
  88  13:33  Stalker x2  

Tags
 
Add a new tag
Caveats
  • Supply blocks, unpowered buildings, or Contaminate may cause inaccurate times.
  • Supply counts are checked every 10 seconds.